Map: Orbital Shipyard

Players

Grumm

  • Race: Protoss Protoss
  • League: Gold

Dan - Winner!

  • Race: Zerg Zerg
  • League: Gold

VOD

Have the link to the VOD?

Description

Time

  • Played on: Feb. 10, 2016, 2:15 p.m.
  • Length: 17:51
Show
View Real Time Build Order
Export as new Build Order

Grumm Protoss 

Build Orders: 1 Gate Expand 

Get SALT Encoding   

  12  0:01  Probe (Chrono Boost)  
  13  0:19  Pylon  
  13  0:21  Probe (Chrono Boost)  
  14  0:43  Gateway  
  14  0:52  Gateway  
  14  0:56  Probe (Chrono Boost)  
  14  1:23  Nexus  
  14  1:36  Cybernetics Core  
  14  1:42  Zealot  
  14  1:45  Probe (Chrono Boost)  
  17  1:56  Pylon  
  17  2:15  Forge  
  17  2:17  Gateway  
  17  2:25  Assimilator  
  17  2:30  Assimilator  
  17  2:48  Gateway  
  17  2:51  Gateway  
  17  3:09  Assimilator  
  15  3:35  Mothership Core (Chrono Boost)  
  17  3:41  Photon Cannon  
  17  3:47  Warp Gate (Chrono Boost)  
  17  3:52  Probe  
  17  3:54  Probe  
  19  4:02  Probe  
  20  4:19  Pylon  
  20  4:21  Probe  
  20  4:23  Probe  
  22  4:32  Probe  
  22  4:35  Probe  
  24  4:42  Probe  
  25  4:47  Probe  
  26  4:53  Probe  
  27  5:00  Stargate  
  27  5:02  Probe  
  27  5:03  Probe  
  29  5:14  Probe  
  30  5:24  Nexus  
  30  5:26  Probe (Chrono Boost)  
  31  5:37  Pylon  
  31  5:39  Assimilator  
  31  5:40  Probe (Chrono Boost)  
  32  5:46  Oracle  
  35  6:03  Pylon, Stalker  
  37  6:05  Stalker  
  37  6:07  Probe (Chrono Boost)  
  40  6:16  Probe (Chrono Boost)  
  40  6:17  Probe (Chrono Boost)  
  42  6:26  Probe (Chrono Boost)  
  43  6:46  Void Ray  
  47  7:13  Probe (Chrono Boost)  
  47  7:14  Probe (Chrono Boost)  
  49  7:18  Probe (Chrono Boost)  
  49  7:19  Stalker x5  
  60  7:22  Protoss Ground Weapons Level 1  
  60  7:26  Probe x2 (Chrono Boost)  
  62  7:38  Assimilator  
  62  7:39  Assimilator, Probe x2 (Chrono Boost)  
  64  7:45  Pylon  
  64  7:55  Adept  
  64  7:56  Adept x2  
  64  8:50  Void Ray  
  64  8:51  Stalker x4  
  64  9:11  Probe x3 (Chrono Boost)  
  61  9:17  Stargate  
  61  9:19  Stargate  
  61  9:20  Stargate  
  61  9:21  Probe (Chrono Boost)  
  61  9:22  Probe (Chrono Boost)  
  61  9:24  Pylon  
  63  9:25  Pylon  
  63  9:29  Pylon x2  
  63  9:31  Pylon, Photon Cannon  
  63  9:32  Photon Cannon  
  62  9:46  Stalker x4  
  62  9:47  Stalker  
  69  10:16  Phoenix x3 (Chrono Boost)  
  69  10:20  Phoenix (Chrono Boost)  
  73  10:25  Photon Cannon  
  73  10:28  Photon Cannon  
  69  10:45  Void Ray x2 (Chrono Boost)  
  77  11:02  Void Ray (Chrono Boost)  
  85  11:07  Void Ray (Chrono Boost), Probe x2  
  85  11:08  Probe  
  88  11:16  Zealot x2  
  88  11:17  Zealot  
  94  11:19  Probe  
  94  11:20  Probe x2  
  97  11:39  Robotics Facility  
  97  11:45  Pylon  
  97  11:46  Protoss Air Weapons Level 1  
  97  11:47  Protoss Ground Armor Level 1  
  97  11:48  Cybernetics Core  
  67  12:28  Stalker x5  
  73  12:42  Warp Prism  
  73  12:45  Robotics Facility  
  73  12:48  Gateway  
  73  12:49  Pylon  
  73  12:52  Zealot x4  
  73  12:53  Zealot  
  73  12:54  Gateway  
  73  12:57  Gateway  
  83  13:00  Robotics Bay  
  83  13:02  Twilight Council  
  83  13:06  Probe  
  83  13:07  Probe x2  
  86  13:18  Probe  
  86  13:19  Probe  
  88  13:31  Zealot x2  
  88  13:34  Zealot x3  
  98  13:47  Extended Thermal Lance  
  98  13:58  Disruptor  
  101  14:03  Zealot  
  101  14:04  Zealot x5  
  101  14:06  Zealot  
  113  14:19  Photon Cannon  
  113  14:21  Pylon  
  113  14:28  Charge (Chrono Boost)  
  113  14:32  Protoss Air Armor Level 1  
  113  14:34  Protoss Shields Level 1  
  113  14:39  Zealot  
  113  14:40  Zealot x2  
  113  14:41  Stalker x3  
  113  14:42  Adept  
  127  14:46  Pylon  
  127  14:58  Immortal  
  127  14:59  Immortal  
  135  15:26  Photon Cannon  
  135  15:29  Gateway  
  120  16:08  Nexus  
  78  16:28  Pylon  
  78  16:30  Pylon  
  67  16:36  Void Ray (Chrono Boost)  
  67  16:39  Void Ray x2 (Chrono Boost)  
  83  16:42  Void Ray (Chrono Boost)  
  75  16:53  Immortal x2  
  78  16:56  Stalker x5  
  78  16:57  Stalker  
  90  17:08  Stalker  
  90  17:09  Stalker  
  90  17:27  Stalker x5  
Show
View Real Time Build Order
Export as new Build Order

Dan Zerg - Winner!

Build Orders: 3 Hatch before Pool 

Get SALT Encoding   

  12  0:01  Drone  
  13  0:13  Overlord  
  13  0:17  Drone  
  14  0:23  Drone, Extractor  
  15  0:31  Drone  
  16  0:36  Drone  
  17  0:56  Hatchery  
  16  0:57  Drone  
  17  1:22  Hatchery  
  17  1:24  Drone  
  17  1:34  Drone x2  
  19  1:45  Extractor  
  18  1:51  Spawning Pool  
  18  1:53  Drone  
  18  1:54  Drone  
  19  1:58  Drone  
  20  2:10  Drone x2  
  22  2:18  Drone  
  22  2:21  Drone  
  24  2:34  Drone x2  
  26  2:45  Queen  
  26  2:47  Queen, Roach Warren  
  26  2:48  Queen  
  31  2:54  Zergling x4  
  29  3:11  Metabolic Boost  
  28  3:14  Drone x3  
  28  3:15  Drone  
  32  3:20  Drone x2  
  34  3:45  Spore Crawler  
  34  3:47  Spore Crawler  
  32  3:51  Spore Crawler  
  32  3:52  Drone  
  32  3:53  Drone x2, Overlord  
  33  4:23  Roach x4  
  40  4:25  Overlord  
  40  4:41  Overlord  
  40  4:42  Overlord x2, Extractor  
  40  4:43  Drone  
  40  4:50  Drone x2, Spine Crawler  
  40  4:51  Roach x3  
  47  5:03  Drone x10, Extractor  
  56  5:09  Extractor  
  56  5:11  Drone x3  
  58  5:14  Drone  
  59  5:24  Drone  
  59  5:25  Drone x3  
  59  5:26  Drone x2  
  59  5:27  Drone  
  66  5:43  Queen  
  66  5:44  Drone x2  
  66  5:45  Drone x2  
  66  5:47  Lair  
  72  5:57  Evolution Chamber  
  72  5:58  Drone x2  
  72  5:59  Evolution Chamber, Overlord x3  
  72  6:24  Drone x3  
  75  6:26  Extractor  
  75  6:30  Extractor  
  73  6:41  Roach x5  
  73  6:42  Zergling x10  
  88  6:47  Ravager x2  
  90  6:56  Spire  
  86  7:03  Drone x2  
  88  7:29  Zerg Ground Armor Level 1  
  88  7:32  Zerg Melee Weapons Level 1  
  88  7:40  Drone  
  88  7:41  Drone  
  88  7:42  Overlord  
  88  7:43  Overlord  
  90  7:53  Infestation Pit  
  90  7:56  Drone  
  90  7:57  Overlord  
  90  8:01  Overseer  
  90  8:02  Pneumatized Carapace  
  90  8:04  Drone  
  90  8:05  Drone x3  
  94  8:19  Hatchery  
  93  8:28  Drone x4  
  93  8:29  Drone x5  
  93  8:31  Mutalisk x3  
  107  8:46  Mutalisk x4  
  107  8:47  Zergling x2  
  107  8:48  Zergling x8  
  111  8:54  Mutalisk x2  
  111  8:55  Mutalisk  
  98  9:04  Zergling x10, Mutalisk x2  
  101  9:20  Mutalisk x2  
  101  9:21  Zergling x12  
  104  9:51  Mutalisk x3  
  104  9:52  Corruptor x2  
  105  9:56  Drone x3  
  87  10:49  Corruptor x3  
  83  10:50  Zerg Ground Armor Level 2  
  79  10:57  Hive  
  79  10:58  Corruptor  
  79  11:00  Roach x3  
  87  11:06  Zergling x4  
  87  11:07  Corruptor  
  87  11:08  Roach  
  93  11:13  Extractor  
  93  11:16  Extractor  
  91  11:21  Zerg Flyer Armor Level 1  
  91  11:28  Zergling x6  
  91  11:29  Zergling x14  
  101  11:46  Drone  
  101  11:47  Drone x2  
  86  12:25  Zergling x16  
  86  12:26  Zergling x16  
  86  12:29  Zergling x2  
  103  12:31  Overlord x2  
  103  12:47  Overseer  
  103  12:57  Drone  
  103  12:58  Drone x4  
  108  13:05  Queen  
  110  13:06  Queen  
  110  13:08  Corruptor x2  
  110  13:10  Roach  
  118  13:18  Ultralisk Cavern  
  117  13:51  Zerg Ground Armor Level 3  
  117  13:53  Drone  
  118  13:56  Greater Spire  
  118  14:18  Zerg Melee Weapons Level 2  
  118  14:19  Chitinous Plating  
  118  14:34  Hatchery, Overlord x2  
  118  14:35  Overlord  
  117  15:13  Ultralisk x3  
  117  15:14  Ultralisk, Corruptor  
  143  15:29  Overlord x3  
  126  15:47  Mutalisk  
  126  15:48  Zergling x6, Ultralisk x3  
  126  15:49  Zergling x4, Ultralisk x4  
  169  15:50  Zergling x10  
  174  16:02  Overlord x2  
  148  16:44  Zergling x4  
  148  16:45  Zergling x18  
  159  16:51  Zergling x6  
  159  16:52  Corruptor x3  
  168  17:02  Corruptor x4  
Tags
 
Add a new tag
Caveats
  • Supply blocks, unpowered buildings, or Contaminate may cause inaccurate times.
  • Supply counts are checked every 10 seconds.